 Dungeon Crawl Stone Soup version 0.28-a0-1389-gc726bef33b (webtiles) character file.

Game seed: 16311256423646816526

3178 croobank the Firebug (level 10, 0/118 HPs)
             Began as a Human Cinder Acolyte on Jan 3, 2022.
             Was a High Priest of Ignis.
             Slain by Duvessa (2 damage)
             ... on level 7 of the Dungeon.
             The game lasted 00:35:14 (7263 turns).

croobank the Firebug (Human Cinder Acolyte)         Turns: 7263, Time: 00:35:14

Health: 0/118      AC: 25    Str: 18    XL:     10   Next: 16%
Magic:  16/19      EV:  2    Int: 16    God:    Ignis [*****.]
Gold:   256        SH:  0    Dex:  8    Spells: 14/21 levels left

rFire   + . .      SeeInvis +   a - +2 war axe
rCold   + . .      Faith    .   (no shield)
rNeg    . . .      Spirit   .   (armour currently unavailable)
rPois   +          Reflect  .   (helmet currently unavailable)
rElec   .          Harm     .   (cloak currently unavailable)
rCorr   .          Rampage  .   (gloves currently unavailable)
Will    +....      NoTele   +   (boots currently unavailable)
Stlth   +.........              w - amulet of regeneration
HPRegen 1.09/turn               c - ring of see invisible
MPRegen 0.16/turn               N - ring of protection from cold

@: tree-form, attractive, hasted, studying Armour, very quick
A: stationary, stasis, torment immunity, boosted hp, (hooves 1), strong-willed 1
a: Renounce Religion, Fiery Armour, Foxfire Swarm, Rising Flame


You were on level 7 of the Dungeon.
You worshipped Ignis.
Ignis was extremely pleased with you.
You were a tree.
You visited 1 branch of the dungeon, and saw 7 of its levels.

You collected 256 gold pieces.

Inventory:

Hand Weapons
 a - a +2 war axe (weapon)
 b - a +0 hunting sling
 f - a +5 dire flail of draining
 r - a +4 quarterstaff of chaos
 t - a +2 rapier of speed
 y - a -1 hand axe of flaming
 B - a +0 glaive
 F - a +2 hand crossbow of freezing
Missiles
 d - 61 sling bullets
 g - 213 stones
 i - 2 throwing nets
 A - 27 poisoned darts
 D - 5 boomerangs
 L - 16 arrows
Armour
 e - a scarf of invisibility
 h - a +2 pair of gloves (melded)
 l - a +0 scale mail
 m - an orb of light
 s - a +2 cloak (melded)
 u - a +0 leather armour
 z - a +0 kite shield
 C - a +0 robe
 E - a +0 chain mail
 G - the +1 leather armour of Ashenzari's Anger (melded) {Contam rC+ Str+4 Int+2}
   (You found it on level 5 of the Dungeon)

   Str:       It affects your strength (+4).
   Int:       It affects your intelligence (+2).
   rC:        It protects you from cold.
   Contam:    It causes magical contamination when unequipped.
Jewellery
 c - a ring of see invisible (left branch)
 w - an amulet of regeneration (around neck)
 N - a ring of protection from cold (right branch)
Wands
 n - a wand of charming (2) (quivered)
 p - a wand of mindburst (5)
 I - a wand of acid (4)
 M - a wand of digging (6)
Scrolls
 o - 3 scrolls of amnesia
 q - 2 scrolls of identify
 H - a scroll of fog
Potions
 k - a potion of flight
 x - 2 potions of attraction
 J - a potion of haste


   Skills:
 + Level 7.4 Fighting
 + Level 7.4 Axes
 + Level 6.2 Spellcasting
 + Level 7.5 Fire Magic


You had 14 spell levels left.
You knew the following spells:

 Your Spells              Type           Power      Damage    Failure   Level
a - Scorch                Fire           56%        2d7       1%          2
b - Summon Guardian Gole  Hex/Summ       4%         N/A       38%         3
c - Ensorcelled Hibernat  Hex/Ice        8%         N/A       21%         2

Your spell library contained the following spells:

 Spells                   Type           Power      Damage    Failure   Level
 Summon Small Mammal      Summ           16%        N/A       14%         1
 Call Canine Familiar     Summ           4%         N/A       38%         3
 Portal Projectile        Hex/Tloc       8%         N/A       38%         3
 Tukima's Dance           Hex            4%         N/A       38%         3
 Animate Dead             Necr           2%         N/A       80%         4
 Blade Hands              Tmut           2%         N/A       98%         5
 Borgnjor's Vile Clutch   Necr/Erth      2%         N/A       98%         5
 Excruciating Wounds      Necr           2%         N/A       98%         5
 Conjure Ball Lightning   Conj/Air       2%         3x3d6     100%        6
 Death Channel            Necr           2%         N/A       100%        6
 Enfeeble                 Hex            2%         N/A       100%        7
 Discord                  Hex            2%         N/A       100%        8
 Disjunction              Tloc           2%         N/A       100%        8


Dungeon Overview and Level Annotations

Branches:
Dungeon (7/15)             Temple (0/1) D:4

Altars:
Gozag
Kikubaaqudgha
Nemelex Xobeh
Xom
Zin

Shops:
D:2 (

Annotations:
D:7 Duvessa


Innate Abilities, Weirdness & Mutations

You are a tree.
Your roots penetrate the ground, keeping you stationary.
You cannot be teleported.
You are immune to unholy pain and torment.
Your maximum health is greatly increased.
Your equipment is partially melded.
((You have large cloven feet.))
You are strong-willed. (Will+)


Message History

Duvessa hits you but does no damage.
It was a potion of curing.
You feel better. Duvessa hits you with a +0 rapier.
* * * LOW HITPOINT WARNING * * *
It was a potion of mutation.
You feel extremely strange.
You feel strong-willed.
Your feet thicken and deform.
Duvessa hits you with a +0 rapier!
* * * LOW HITPOINT WARNING * * *
You feel better. Duvessa hits you but does no damage.
You hit Duvessa but do no damage.
Duvessa is moderately wounded.
Duvessa hits you but does no damage.
You barely miss Duvessa.
Duvessa is moderately wounded.
Duvessa hits you but does no damage.
You barely miss Duvessa.
Duvessa is moderately wounded.
Duvessa hits you but does no damage.
Unknown command.
You hit Duvessa.
Duvessa is heavily wounded.
Duvessa hits you with a +0 rapier!
* * * LOW HITPOINT WARNING * * *
You hit Duvessa but do no damage.
Duvessa is heavily wounded.
Duvessa hits you but does no damage.
You hit Duvessa.
Duvessa is heavily wounded.
Duvessa hits you with a +0 rapier!
* * * LOW HITPOINT WARNING * * *
Casting: Scorch (safe; 1% risk of failure)
Confirm with . or Enter, or press ? or * to list all spells.
Flames lash the bullfrog skeleton.
You destroy the bullfrog skeleton!
Duvessa hits you but does no damage.
Casting: Scorch (safe; 1% risk of failure)
Confirm with . or Enter, or press ? or * to list all spells.
Flames lash Duvessa.
Duvessa is severely wounded.
Duvessa's fire resistance burns away.
Duvessa hits you with a +0 rapier.
You die...

..# #.#
### #.#
#.# #.#
#.# #.#
#.# #.#
#♣# #e# #
#'# # )..
# ....# #
.....# #
......# #
.......#
#
#.......#


You could see Duvessa (berserk, combustible).

Vanquished Creatures
  A cyclops (D:6)
  A troll (D:7)
  Sigmund (D:5)
  A wraith (D:6)
  Edmund (D:4)
  A water moccasin (D:7)
  2 sky beasts
  2 ice beasts
  4 ogres
  2 necrophages
  2 gnoll sergeants (D:6)
  A wyvern zombie (D:6)
  4 scorpions
  2 water moccasin skeletons
  Dowan (D:7)
  2 bullfrog zombies
  3 hounds
  3 jellies
  Crazy Yiuf (D:2)
  A centaur skeleton (D:6)
  A bullfrog skeleton (D:7)
  Terence (D:2)
  2 iguanas (D:4)
  2 orc wizards
  7 adders
  4 gnolls (D:3)
  An adder zombie (D:5)
  A worm (D:5)
  2 dart slugs
  20 orcs
  3 ball pythons
  9 endoplasms
  3 giant cockroaches
  5 goblins
  3 bats
  8 frilled lizards
  9 kobolds
  7 rats
124 creatures vanquished.

Vanquished Creatures (collateral kills)
  An orc priest (D:5)
1 creature vanquished.

Vanquished Creatures (others)
  11 plants (D:2)
11 creatures vanquished.

Grand Total: 136 creatures vanquished

Notes
Turn   | Place    | Note
-------+----------+-------------------------------------------
     0 | D:1      | croobank the Human Cinder Acolyte began the quest for the
                  | Orb.
     0 | D:1      | Reached XP level 1. HP: 18/18 MP: 2/2
   268 | D:1      | Reached XP level 2. HP: 21/24 MP: 3/3
   271 | D:1      | Learned a level 2 spell: Scorch
   681 | D:1      | Upgraded the game from 0.28-a0-1387-g3a22ab9bdc to
                  | 0.28-a0-1389-gc726bef33b
   969 | D:2      | Reached XP level 3. HP: 29/29 MP: 5/5
  1214 | D:2      | Found a runed translucent door.
  1215 | D:2      | Noticed Crazy Yiuf
  1264 | D:2      | Found Foitiy's Weapon Emporium.
  1700 | D:2      | Reached XP level 4. HP: 35/35 MP: 2/6
  1828 | D:2      | Noticed Terence
  1835 | D:2      | Killed Terence
  2342 | D:2      | Killed Crazy Yiuf
  2343 | D:2      | Reached XP level 5. HP: 37/41 MP: 1/8
  2482 | D:3      | Found a faded altar of an unknown god.
  3347 | D:4      | Reached XP level 6. HP: 39/48 MP: 2/10
  3434 | D:4      | Noticed Edmund
  3440 | D:4      | Killed Edmund
  3491 | D:4      | Reached XP level 7. HP: 55/55 MP: 4/11
  3552 | D:4      | Found an ancient bone altar of Kikubaaqudgha.
  3552 | D:4      | Found a shimmering altar of Xom.
  3553 | D:4      | Found an opulent altar of Gozag.
  3668 | D:4      | Found a staircase to the Ecumenical Temple.
  3881 | D:4      | Learned a level 3 spell: Summon Guardian Golem
  4205 | D:5      | Entered Level 5 of the Dungeon
  4314 | D:5      | Found a glowing silver altar of Zin.
  4372 | D:5      | Noticed Sigmund
  4389 | D:5      | Killed Sigmund
  4390 | D:5      | Reached skill level 5 in Fighting
  4390 | D:5      | Reached skill level 5 in Axes
  4390 | D:5      | Reached skill level 5 in Fire Magic
  4390 | D:5      | Reached XP level 8. HP: 62/62 MP: 2/13
  4412 | D:5      | Identified the +1 leather armour of Ashenzari's Anger
                  | {Contam rC+ Str+4 Int+2}
  5270 | D:5      | Found a sparkling altar of Nemelex Xobeh.
  5545 | D:6      | Reached XP level 9. HP: 69/69 MP: 9/16
  5570 | D:6      | Noticed a cyclops
  5725 | D:6      | Killed a cyclops
  5726 | D:6      | Reached skill level 5 in Spellcasting
  6249 | D:6      | Learned a level 2 spell: Ensorcelled Hibernation
  6924 | D:7      | Noticed a troll
  6938 | D:7      | Killed a troll
  6939 | D:7      | Reached XP level 10. HP: 10/79 MP: 9/19
  7233 | D:7      | Noticed Duvessa
  7233 | D:7      | Noticed Dowan
  7244 | D:7      | Killed Dowan
  7254 | D:7      | Gained mutation: You are strong-willed. (Will+) [potion of
                  | mutation]
  7254 | D:7      | Gained mutation: You have large cloven feet. [potion of
                  | mutation]
  7261 | D:7      | HP: 1/118 [Duvessa (14)]
  7263 | D:7      | Slain by Duvessa

Illustrated notes

Levels and vault maps discovered:
D:1:      psy_arrival_radial02, layout_rooms, serial_forest,
          infiniplex_forest_straight_3, infiniplex_forest_straight_2,
          infiniplex_forest_clump_double, infiniplex_forest_clump_long,
          infiniplex_forest_clump_double, infiniplex_forest_lined_3,
          infiniplex_forest_straight_3, minmay_tree_intersection
D:2:      layout_loops_corners, serial_shops, shop, lexackson_kobold_supper,
          uniq_terence, uniq_crazy_yiuf_cottage
D:3:      layout_basic, basic_ecumenical_altar, interstate_on_off,
          minmay_close_crescents
D:4:      layout_basic, gammafunk_temple_overflow_claw,
          minmay_temple_entry_large_hall, uniq_edmund
D:5:      layout_loops_cross, kennysheep_mini, marbit_many_paths, st_stairs_13,
          uniq_sigmund
D:6:      hangedman_cross_stitches, layout_gridville, minmay_manual_monstrance
D:7:      layout_basic, uniq_duvessa

Skill      XL: |  1  2  3  4  5  6  7  8  9 |
---------------+----------------------------+-----
Spellcasting   | 2 3 4 6 |  6.2
Fire Magic     | 4 5 6 7 |  7.5
Axes           | 4 5 6 7 |  7.4
Fighting       | 4 5 7 |  7.4

Action                   |  1- 3 |  4- 6 |  7- 9 | 10-12 || total
-------------------------+-------+-------+-------+-------++-------
Melee: Hand axe          |    64 |    17 |       |       ||    81
       Quarterstaff      |       |    18 |       |       ||    18
       War axe           |       |     6 |    62 |    11 ||    79
       Dire flail        |       |       |    34 |       ||    34
 Fire: Hunting sling     |       |       |    30 |       ||    30
 Cast: Scorch            |     4 |    29 |    91 |    21 ||   145
 Abil: Evoke Invisibilit |       |     1 |       |       ||     1
Evoke: Wand              |       |     3 |     4 |       ||     7
  Use: Scroll            |       |     3 |     8 |       ||    11
       Potion            |       |       |       |     7 ||     7
 Stab: Sleeping          |     1 |       |       |       ||     1
Armor: Robe              |    19 |    12 |       |       ||    31
       Leather armour    |       |       |    93 |     4 ||    97
       Skin              |       |       |       |     8 ||     8
Dodge: Dodged            |    38 |    34 |   136 |     5 ||   213

Table legend: (Time is in decaauts)
 A = Elapsed time spent in this place.
 B = Non-inter-level travel time spent in this place.
 C = Inter-level travel time spent in this place.
 D = Time resting spent in this place.
 E = Time spent auto-exploring this place.
 F = Levels seen in this place.
 G = Mean time per level.
                   A        B        C        D        E       F      G
               +--------+--------+--------+--------+--------+-----+--------+
         Total |   7326 |   7048 |    278 |    842 |   4822 |   7 | 1046.6 |
       Dungeon |   7326 |   7048 |    278 |    842 |   4822 |   7 | 1046.6 |
               +--------+--------+--------+--------+--------+-----+--------+

Top non-repeatable levels by time:
     D:2: 1491 daAuts
     D:6: 1411 daAuts
     D:5: 1354 daAuts
     D:1: 970 daAuts
     D:3: 889 daAuts
     D:4: 871 daAuts
     D:7: 336 daAuts
